[Event "46th GRE-chT Premier 2018"]
[Site "Rio Achaia"]
[Date "2018.07.10"]
[Round "1"]
[White "Loutragotis, Paraskevas Pantelei"]
[Black "Papadopoulos, Zisis"]
[Result "0-1"]
[ECO "A05"]
[WhiteElo "1980"]
[BlackElo "1834"]
[Annotator "NA"]
[PlyCount "82"]
[EventDate "2018.07.10"]
[EventType "team-tourn"]
[EventCountry "GRE"]
[SourceTitle "playchess.com"]
[Source "ChessBase"]
[SourceQuality "1"]
[TimeControl "40/5400+30:1800+30"]

1. Nf3 Nf6 2. g3 g6 3. Bg2 Bg7 4. d4 d5 5. O-O c6 6. b3 O-O 7. Bb2 Re8 8. c4 Nbd7 9. Nc3 Nb6 10. Ne5 Ng4 11. Nxg4 Bxg4 12. c5 Nd7 13. f3 Be6 14. Qd2 Qa5 15. a3 Rad8 16. b4 Qc7 17. a4 a5 18. b5 b6 19. Ba3 bxc5 20. dxc5 d4 21. Ne4 cxb5 22. axb5 d3 23. Rac1 Ne5 24. b6 Qc6 25. Bb2 Nc4 26. Rxc4 Bxc4 27. e3 Bxb2 28. Qxb2 f5 29. Qc3 Qb5 30. Nd2 Bd5 31. e4 Bc6 32. Qe5 e6 33. Rc1 Qb4 34. Qf4 a4 35. Rc4 Qb2 36. exf5 exf5 37. Bf1 a3 38. Rb4 Qc3 39. Rc4 Qb2 40. Rb4 Qc1 41. Rb1 Qxc5+ 0-1

[Event "46th GRE-chT Premier 2018"]
[Site "Rio Achaia"]
[Date "2018.07.10"]
[Round "1"]
[White "Boviatsis, Charalampos"]
[Black "Balokas, Dimitrios"]
[Result "0-1"]
[ECO "B44"]
[WhiteElo "1979"]
[BlackElo "2259"]
[Annotator "NA"]
[PlyCount "62"]
[EventDate "2018.07.10"]
[EventType "team-tourn"]
[EventCountry "GRE"]
[SourceTitle "playchess.com"]
[Source "ChessBase"]
[SourceQuality "1"]
[TimeControl "40/5400+30:1800+30"]

1. e4 c5 2. Nf3 e6 3. d4 cxd4 4. Nxd4 Nc6 5. c4 Nf6 6. Nc3 Bb4 7. f3 O-O 8. Be3 d5 9. Nxc6 bxc6 10. e5 Nd7 11. f4 f6 12. exf6 Qxf6 13. Qd2 Nc5 14. Bxc5 Bxc5 15. g3 e5 16. O-O-O exf4 17. gxf4 Bg4 18. Be2 Qe7 19. Kb1 Bxe2 20. Rhe1 d4 21. Nxe2 Bb4 22. Nxd4 Qxe1 23. Qxe1 Bxe1 24. Rxe1 Rxf4 25. Nxc6 Rxc4 26. Re6 a5 27. b3 Rf4 28. Re2 a4 29. b4 Rf1+ 30. Kb2 a3+ 31. Kc3 Rb1 0-1

[Event "46th GRE-chT Premier 2018"]
[Site "Rio Achaia"]
[Date "2018.07.10"]
[Round "1"]
[White "Fragkou, Eleni"]
[Black "Havanecz, Bianka"]
[Result "1/2-1/2"]
[ECO "C45"]
[WhiteElo "1979"]
[BlackElo "2193"]
[Annotator "NA"]
[PlyCount "110"]
[EventDate "2018.07.10"]
[EventType "team-tourn"]
[EventCountry "GRE"]
[SourceTitle "playchess.com"]
[Source "ChessBase"]
[SourceQuality "1"]
[TimeControl "40/5400+30:1800+30"]

1. e4 e5 2. Nf3 Nc6 3. d4 exd4 4. Nxd4 Bc5 5. Be3 Qf6 6. c3 Nge7 7. Bb5 O-O 8. O-O d6 9. a4 Qg6 10. Bxc6 bxc6 11. b4 Bxd4 12. Bxd4 a5 13. Nd2 f5 14. Re1 Rb8 15. e5 Nd5 16. exd6 cxd6 17. b5 c5 18. Qb3 Bb7 19. Re7 cxd4 20. Rxb7 Rxb7 21. Qxd5+ Qf7 22. Qxf7+ Kxf7 23. cxd4 Rc8 24. Nb3 Ra7 25. g3 Ke6 26. d5+ Kxd5 27. Rd1+ Ke6 28. Nd4+ Kf6 29. Nc6 Rd7 30. Nxa5 Ra8 31. Nc4 Rxa4 32. Nb6 Raa7 33. Nxd7+ Rxd7 34. Kg2 Ke6 35. Kf3 Rb7 36. Rb1 Ke5 37. h4 g6 38. b6 Kd4 39. h5 g5 40. g4 f4 41. Rd1+ Ke5 42. Re1+ Kd5 43. Rc1 Rxb6 44. Rc7 Rb3+ 45. Kg2 Ke4 46. Rxh7 d5 47. Re7+ Kd3 48. Rd7 d4 49. h6 Rb6 50. h7 Rh6 51. Kf3 Rh3+ 52. Kg2 Rh4 53. Kf3 Rh3+ 54. Kg2 Rh4 55. Kf3 Rh3+ {[%emt 0:00:18] Ke4+} 1/2-1/2

[Event "46th GRE-chT Premier 2018"]
[Site "Rio Achaia"]
[Date "2018.07.10"]
[Round "1"]
[White "Vatkali, Dimitra"]
[Black "Videnova, Iva"]
[Result "0-1"]
[ECO "E61"]
[WhiteElo "1979"]
[BlackElo "2369"]
[Annotator "NA"]
[PlyCount "67"]
[EventDate "2018.07.10"]
[EventType "team-tourn"]
[EventCountry "GRE"]
[SourceTitle "playchess.com"]
[Source "ChessBase"]
[SourceQuality "1"]
[TimeControl "40/5400+30:1800+30"]

1. d4 Nf6 2. c4 g6 3. Nc3 c5 4. d5 d6 5. e4 Bg7 6. Bd3 O-O 7. Nge2 e6 8. O-O Na6 9. h3 Nc7 10. Be3 exd5 11. exd5 b5 12. Bg5 bxc4 13. Bxc4 h6 14. Be3 Rb8 15. Qd2 Kh7 16. Ng3 Re8 17. Rac1 Nd7 18. b3 Ne5 19. Be2 f5 20. Kh1 Qh4 21. f4 Ng4 22. Bxg4 fxg4 23. Nge4 gxh3 24. g3 Qe7 25. Rfe1 Nxd5 26. Bxc5 Nxc3 27. Ng5+ hxg5 28. Rxe7 Rxe7 29. Qxd6 Re2 30. Qxb8 Bf5 31. Qb7 Be4+ 32. Qxe4 Nxe4 33. Bxa7 Nxg3+ 34. Kg1 0-1

[Event "46th GRE-chT Premier 2018"]
[Site "Rio Achaia"]
[Date "2018.07.10"]
[Round "1"]
[White "Sourgkounis, Angelos"]
[Black "Petrakis, Ilias"]
[Result "1/2-1/2"]
[ECO "A05"]
[WhiteElo "1976"]
[BlackElo "2118"]
[Annotator "NA"]
[PlyCount "123"]
[EventDate "2018.07.10"]
[EventType "team-tourn"]
[EventCountry "GRE"]
[SourceTitle "playchess.com"]
[Source "ChessBase"]
[SourceQuality "1"]
[TimeControl "40/5400+30:1800+30"]

1. Nf3 Nf6 2. c4 g6 3. b4 Bg7 4. Bb2 d6 5. e3 O-O 6. Be2 e5 7. Nc3 Nc6 8. b5 Ne7 9. d4 exd4 10. Nxd4 Nd7 11. O-O Nc5 12. Bf3 Nf5 13. g3 h5 14. Na4 Qg5 15. Nxf5 Bxb2 16. Nh6+ Qxh6 17. Nxb2 h4 18. Qd4 hxg3 19. hxg3 Bf5 20. Rfe1 Rae8 21. e4 Bc8 22. Nd3 Nxd3 23. Qxd3 Re5 24. Bg2 Rfe8 25. f4 Rc5 26. Kf2 Qg7 27. Rad1 Be6 28. Rc1 Qf6 29. Bf3 Kg7 30. Ke3 Rh8 31. Qd4 b6 32. Rh1 Rxh1 33. Bxh1 Qxd4+ 34. Kxd4 Rh5 35. Bf3 Rh2 36. a3 Rd2+ 37. Ke3 Ra2 38. Rc3 f6 39. g4 g5 40. f5 Bc8 41. Be2 Kf8 42. Bf3 Ke7 43. Kd4 a6 44. Ke3 Kd8 45. Bd1 Rb2 46. a4 Rh2 47. Ra3 a5 48. Rc3 Ke7 49. Rc2 Rh1 50. Rd2 Bd7 51. Bf3 Ra1 52. Rh2 Ra3+ 53. Kf2 Ra2+ 54. Kg3 Rxh2 55. Kxh2 Be8 56. Kg3 Bf7 57. Be2 c6 58. bxc6 Kd8 59. Kf3 Kc7 60. Ke3 Kxc6 61. Kd4 Be8 62. Bd1 {[%emt 0:00:17] Kd5+} 1/2-1/2

[Event "46th GRE-chT Premier 2018"]
[Site "Rio Achaia"]
[Date "2018.07.10"]
[Round "1"]
[White "Vozinaki, Anthi - Maria"]
[Black "Liapi Zenebisi, Irini"]
[Result "0-1"]
[ECO "B33"]
[WhiteElo "1971"]
[BlackElo "1788"]
[Annotator "NA"]
[PlyCount "70"]
[EventDate "2018.07.10"]
[EventType "team-tourn"]
[EventCountry "GRE"]
[SourceTitle "playchess.com"]
[Source "ChessBase"]
[SourceQuality "1"]
[TimeControl "40/5400+30:1800+30"]

1. e4 c5 2. Nf3 Nc6 3. d4 cxd4 4. Nxd4 Nf6 5. Nc3 e6 6. Ndb5 Bb4 7. a3 Bxc3+ 8. Nxc3 d5 9. exd5 exd5 10. Bd3 O-O 11. O-O d4 12. Ne2 Bg4 13. f3 Bh5 14. Bg5 Bg6 15. Kh1 Re8 16. Bxg6 hxg6 17. Qd2 Qb6 18. Rfd1 Rad8 19. Ng3 Ne5 20. Qb4 Qxb4 21. axb4 a6 22. Bxf6 gxf6 23. Ne4 Kg7 24. Nc5 Re7 25. Re1 Rc7 26. f4 Nc4 27. b3 Ne3 28. Re2 Nd5 29. Nd3 Rdc8 30. Ra5 Ne3 31. c4 dxc3 32. Rxe3 c2 33. Rc5 Rxc5 34. bxc5 Rd8 35. Re2 c1=Q+ 0-1

[Event "46th GRE-chT Premier 2018"]
[Site "Rio Achaia"]
[Date "2018.07.10"]
[Round "1"]
[White "Moshovakis, Aggelos"]
[Black "Bebis, Epaminondas-Alexand"]
[Result "1-0"]
[ECO "B11"]
[WhiteElo "1964"]
[BlackElo "1554"]
[Annotator "NA"]
[PlyCount "83"]
[EventDate "2018.07.10"]
[EventType "team-tourn"]
[EventCountry "GRE"]
[SourceTitle "playchess.com"]
[Source "ChessBase"]
[SourceQuality "1"]
[TimeControl "40/5400+30:1800+30"]

1. e4 c6 2. Nc3 d5 3. Nf3 Bg4 4. h3 Bxf3 5. Qxf3 e6 6. d3 Bb4 7. a3 Qa5 8. Bd2 d4 9. Nb1 Na6 10. c3 dxc3 11. Nxc3 Be7 12. Qg3 Qb6 13. Qxg7 Bf6 14. Qg3 Ne7 15. O-O-O Nc5 16. Kb1 Rg8 17. Qe3 O-O-O 18. e5 Nf5 19. Qe1 Be7 20. g4 Nd4 21. Be3 Ncb3 22. Ka2 Qa6 23. Ne2 Nc2 24. Qc3 Nxe3 25. fxe3 Nc5 26. d4 Ne4 27. Qc2 f5 28. gxf5 exf5 29. Ng3 Qa5 30. Nxf5 Bxa3 31. Qxe4 Bxb2+ 32. Kxb2 Qb4+ 33. Kc2 Rd5 34. Qd3 Rb5 35. Nd6+ Kb8 36. Nxb5 cxb5 37. Qb3 Rc8+ 38. Kb2 Qf8 39. Rh2 Qf3 40. Rc2 Rf8 41. Bg2 Qh5 42. Qd5 1-0

[Event "46th GRE-chT Premier 2018"]
[Site "Rio Achaia"]
[Date "2018.07.10"]
[Round "1"]
[White "Salahidou, Reveka"]
[Black "Moshou, Alexia"]
[Result "1-0"]
[ECO "B01"]
[WhiteElo "1955"]
[BlackElo "1582"]
[Annotator "NA"]
[PlyCount "53"]
[EventDate "2018.07.10"]
[EventType "team-tourn"]
[EventCountry "GRE"]
[SourceTitle "playchess.com"]
[Source "ChessBase"]
[SourceQuality "1"]
[TimeControl "40/5400+30:1800+30"]

1. e4 d5 2. exd5 Qxd5 3. Nc3 Qa5 4. Bc4 e6 5. d4 Bb4 6. Bd2 c5 7. a3 Bxc3 8. Bxc3 Qc7 9. d5 exd5 10. Bxg7 dxc4 11. Bxh8 f6 12. Qh5+ Qf7 13. Qh4 Nc6 14. O-O-O Ne5 15. Nf3 Ng6 16. Rhe1+ Be6 17. Qxc4 Nf8 18. Qb5+ Nd7 19. Rxe6+ Qxe6 20. Re1 Qxe1+ 21. Nxe1 Rb8 22. Qc4 Ke7 23. Nd3 Kf8 24. Nxc5 Ne5 25. Ne6+ Ke7 26. Qc7+ Nd7 27. Nc5 1-0

[Event "46th GRE-chT Premier 2018"]
[Site "Rio Achaia"]
[Date "2018.07.10"]
[Round "1"]
[White "Spiliopoulos, Alexios"]
[Black "Sidiropoulos, Nikolaos"]
[Result "1-0"]
[ECO "A46"]
[WhiteElo "1943"]
[BlackElo "2112"]
[Annotator "NA"]
[PlyCount "113"]
[EventDate "2018.07.10"]
[EventType "team-tourn"]
[EventCountry "GRE"]
[SourceTitle "playchess.com"]
[Source "ChessBase"]
[SourceQuality "1"]
[TimeControl "40/5400+30:1800+30"]

1. d4 Nf6 2. Nf3 e6 3. c4 c5 4. g3 cxd4 5. Nxd4 Qb6 6. Nc3 a6 7. Bg2 Bc5 8. e3 O-O 9. O-O Be7 10. Na4 Qc7 11. Qb3 Nc6 12. Bd2 Rb8 13. Rac1 d6 14. Qb6 Qxb6 15. Nxb6 Ne5 16. b3 Nfd7 17. Nxc8 Rfxc8 18. f4 Nd3 19. Rb1 N3c5 20. Rfd1 g6 21. Bb4 Rd8 22. Ne2 Nf6 23. Bxc5 dxc5 24. Bf3 b5 25. cxb5 axb5 26. Nc3 b4 27. Na4 Nd5 28. Bxd5 exd5 29. Rbc1 Rbc8 30. Nb6 Rb8 31. Nxd5 Bf8 32. Nf6+ Kg7 33. Nd7 Ra8 34. Nxf8 Rxf8 35. Rd2 Rfd8 36. Rxd8 Rxd8 37. Rxc5 Rd2 38. Rc4 Rxa2 39. Rxb4 f5 40. e4 fxe4 41. Rxe4 Rb2 42. Re3 h5 43. h3 Kf6 44. Kf1 h4 45. g4 Kf7 46. Ke1 Kf6 47. Rf3 Rg2 48. f5 g5 49. Re3 Kf7 50. Kd1 Kf8 51. Kc1 Rg3 52. Kd2 Rg2+ 53. Kd3 Kf7 54. b4 Rb2 55. Kc4 Rg2 56. b5 Rg3 57. Kd4 1-0

[Event "46th GRE-chT Premier 2018"]
[Site "Rio Achaia"]
[Date "2018.07.10"]
[Round "1"]
[White "Karaboikis, Spiridon"]
[Black "Mihopoulos, Konstantinos"]
[Result "0-1"]
[ECO "D00"]
[WhiteElo "1942"]
[BlackElo "2097"]
[Annotator "NA"]
[PlyCount "84"]
[EventDate "2018.07.10"]
[EventType "team-tourn"]
[EventCountry "GRE"]
[SourceTitle "playchess.com"]
[Source "ChessBase"]
[SourceQuality "1"]
[TimeControl "40/5400+30:1800+30"]

1. d4 d5 2. Bf4 c5 3. e3 Nc6 4. c3 Nf6 5. Nd2 Bf5 6. Qb3 Qc8 7. Ngf3 e6 8. Nh4 Bg4 9. h3 Bh5 10. g4 Bg6 11. Nxg6 hxg6 12. Bg2 c4 13. Qc2 Be7 14. e4 b5 15. exd5 Nxd5 16. Bg3 O-O 17. O-O g5 18. Qe4 Qd7 19. Rae1 Rac8 20. Nf3 b4 21. Qc2 a5 22. Ne5 Nxe5 23. Rxe5 Bd6 24. Re2 Nf4 25. Bxf4 Bxf4 26. Rfe1 Rfd8 27. Qe4 Qa4 28. Ra1 Rb8 29. Qc6 Qxc6 30. Bxc6 Rb6 31. Be4 bxc3 32. bxc3 Rdb8 33. Kf1 a4 34. Ke1 a3 35. Kd1 Kf8 36. Bc2 Ke7 37. f3 Kd6 38. Re4 Rh8 39. Rb1 Rxb1+ 40. Bxb1 Rxh3 41. Ke2 Rh2+ 42. Kd1 Rd2+ 0-1

[Event "46th GRE-chT Premier 2018"]
[Site "Rio Achaia"]
[Date "2018.07.10"]
[Round "1"]
[White "Loukopoulos, Panagiotis-Athanasi"]
[Black "Alexiadis, Hristos"]
[Result "1/2-1/2"]
[ECO "B53"]
[WhiteElo "1942"]
[BlackElo "2244"]
[Annotator "NA"]
[PlyCount "116"]
[EventDate "2018.07.10"]
[EventType "team-tourn"]
[EventCountry "GRE"]
[SourceTitle "playchess.com"]
[Source "ChessBase"]
[SourceQuality "1"]
[TimeControl "40/5400+30:1800+30"]

1. e4 c5 2. Nf3 d6 3. d4 cxd4 4. Qxd4 Nc6 5. Bb5 Bd7 6. Bxc6 Bxc6 7. Nc3 h6 8. Qd3 Nf6 9. h3 e5 10. Be3 Be7 11. O-O-O Qa5 12. Kb1 Rd8 13. Nd2 O-O 14. Rhg1 d5 15. Nb3 Qc7 16. exd5 Nxd5 17. Nxd5 Bxd5 18. Qe2 a5 19. Qb5 Be4 20. Nc5 Bc6 21. Qe2 Bd5 22. Na4 Qc6 23. Nc3 Bc4 24. Qh5 f5 25. Rxd8 Bxd8 26. f4 Bf7 27. Qe2 exf4 28. Bxf4 Bf6 29. Qb5 Qe6 30. Qxa5 Bxc3 31. bxc3 b6 32. Qa6 Qe4 33. g3 Ra8 34. Qd3 Qe7 35. Bd6 Qe6 36. c4 Rd8 37. Rd1 Qc8 38. Qc3 Qc6 39. Qb4 Bxc4 40. Rd4 b5 41. Kb2 Bd5 42. Bf4 Ra8 43. a3 Rc8 44. Qd2 Qf6 45. c3 Bf7 46. Rd6 Qe7 47. Qe3 Qb7 48. Qd2 Qa8 49. Be5 Qe4 50. Bxg7 Kxg7 51. Qxh6+ Kg8 52. Qg5+ Kf8 53. Qh6+ Kg8 54. Qg5+ Kf8 55. Qh6+ Ke7 56. Qf6+ Ke8 57. Qh8+ Ke7 58. Qf6+ Ke8 1/2-1/2

[Event "46th GRE-chT Premier 2018"]
[Site "Rio Achaia"]
[Date "2018.07.10"]
[Round "1"]
[White "Loupos, Vasilios"]
[Black "Galanakis, Nikolaos"]
[Result "1/2-1/2"]
[ECO "A45"]
[WhiteElo "1927"]
[BlackElo "1579"]
[Annotator "NA"]
[PlyCount "102"]
[EventDate "2018.07.10"]
[EventType "team-tourn"]
[EventCountry "GRE"]
[SourceTitle "playchess.com"]
[Source "ChessBase"]
[SourceQuality "1"]
[TimeControl "40/5400+30:1800+30"]

1. d4 Nf6 2. Bf4 g6 3. Nc3 Bg7 4. e3 d6 5. Be2 Nbd7 6. h4 h5 7. Nh3 O-O 8. Qd2 e5 9. Bg5 c6 10. O-O-O Qc7 11. dxe5 dxe5 12. f3 Nb6 13. e4 Be6 14. Qd6 Qxd6 15. Rxd6 Rfd8 16. Rhd1 Rxd6 17. Rxd6 Kf8 18. Be3 Ne8 19. Rd1 Bxh3 20. gxh3 Nf6 21. a4 Ke8 22. a5 Nbd7 23. a6 b6 24. Rd6 Rc8 25. Bg5 Ke7 26. Rd1 Nc5 27. f4 Ke8 28. fxe5 Nfxe4 29. Nxe4 Nxe4 30. Bf4 Nc5 31. b4 Nd7 32. Re1 Kf8 33. Bf3 Kg8 34. e6 fxe6 35. Rxe6 Rf8 36. Bxc6 Rxf4 37. Bxd7 Rxb4 38. c3 Bxc3 39. Rxg6+ Kf7 40. Rc6 Be5 41. Rc8 Ke7 42. Bf5 b5 43. Ra8 Bd4 44. Kc2 Bb6 45. Rh8 Rxh4 46. Bg4 Kd6 47. Rxh5 Rxh5 48. Bxh5 Kc5 49. Kb3 b4 50. Be2 Bd8 51. Bd3 Kd5 1/2-1/2

[Event "46th GRE-chT Premier 2018"]
[Site "Rio Achaia"]
[Date "2018.07.10"]
[Round "1"]
[White "Laspas, Panagiotis"]
[Black "Vlahos, Kiriakos"]
[Result "1/2-1/2"]
[ECO "C29"]
[WhiteElo "1917"]
[BlackElo "2293"]
[Annotator "NA"]
[PlyCount "59"]
[EventDate "2018.07.10"]
[EventType "team-tourn"]
[EventCountry "GRE"]
[SourceTitle "playchess.com"]
[Source "ChessBase"]
[SourceQuality "1"]
[TimeControl "40/5400+30:1800+30"]

1. e4 e5 2. Nc3 Nf6 3. f4 d5 4. fxe5 Nxe4 5. Qf3 Nxc3 6. dxc3 Be7 7. Bf4 O-O 8. O-O-O c6 9. Bd3 Na6 10. Qg3 Kh8 11. Nf3 Nc5 12. h4 Nxd3+ 13. Rxd3 Bf5 14. Rd2 Qa5 15. Kb1 b5 16. Nd4 Bd7 17. Bg5 Rae8 18. Qf3 Qd8 19. Qh5 a5 20. Rf2 Kg8 21. Rf3 Qc8 22. Rg3 Kh8 23. Bxe7 Rxe7 24. Rxg7 Kxg7 25. Qg5+ Kh8 26. Qf6+ Kg8 27. Qg5+ Kh8 28. Qf6+ Kg8 29. Qg5+ Kh8 30. Qf6+ 1/2-1/2

[Event "46th GRE-chT Premier 2018"]
[Site "Rio Achaia"]
[Date "2018.07.10"]
[Round "1"]
[White "Betsakos, Konstantinos"]
[Black "Symeonidis, Theofilos"]
[Result "1/2-1/2"]
[ECO "E09"]
[WhiteElo "1913"]
[BlackElo "1605"]
[Annotator "NA"]
[PlyCount "61"]
[EventDate "2018.07.10"]
[EventType "team-tourn"]
[EventCountry "GRE"]
[SourceTitle "playchess.com"]
[Source "ChessBase"]
[SourceQuality "1"]
[TimeControl "40/5400+30:1800+30"]

1. d4 Nf6 2. c4 e6 3. g3 d5 4. Bg2 Be7 5. Nf3 O-O 6. O-O c6 7. Nbd2 Nbd7 8. Qc2 b6 9. e4 dxe4 10. Nxe4 Nxe4 11. Qxe4 Bb7 12. Rd1 Nf6 13. Qe2 Qc8 14. Bf4 Re8 15. a3 c5 16. dxc5 Bxc5 17. b4 Bf8 18. Rac1 a5 19. Qb2 axb4 20. axb4 Ra4 21. c5 bxc5 22. bxc5 Qa8 23. Ne1 Bxg2 24. Nxg2 Ne4 25. Be3 Rc8 26. Nf4 Nxc5 27. Qc2 Ra6 28. Nd3 Nxd3 29. Qxc8 Nxc1 30. Rxc1 Ra1 31. Qc3 1/2-1/2

[Event "46th GRE-chT Premier 2018"]
[Site "Rio Achaia"]
[Date "2018.07.10"]
[Round "1"]
[White "Koutsidi, Amalia"]
[Black "Serpetsidaki, Eva"]
[Result "1-0"]
[ECO "B01"]
[WhiteElo "1911"]
[BlackElo "1591"]
[Annotator "NA"]
[PlyCount "65"]
[EventDate "2018.07.10"]
[EventType "team-tourn"]
[EventCountry "GRE"]
[SourceTitle "playchess.com"]
[Source "ChessBase"]
[SourceQuality "1"]
[TimeControl "40/5400+30:1800+30"]

1. e4 d5 2. exd5 Qxd5 3. Nc3 Qd6 4. d4 Nf6 5. Nf3 a6 6. g3 Nc6 7. Bg2 Bg4 8. Ne2 e6 9. O-O Be7 10. c3 O-O 11. Bf4 Qd7 12. Re1 Rad8 13. Qb3 Qc8 14. Ne5 Na5 15. Qa4 b6 16. b4 Nb7 17. Nc6 Rd7 18. Qxa6 Nd6 19. Qxc8 Rxc8 20. a4 Nd5 21. Bxd5 exd5 22. Ne5 Be6 23. Nxd7 Bxd7 24. Nc1 Bf6 25. Be5 Bxe5 26. Rxe5 Re8 27. Rxe8+ Bxe8 28. a5 Nb5 29. Ne2 Bc6 30. axb6 cxb6 31. Ra6 Kf8 32. Rxb6 Bd7 33. Kf1 1-0

[Event "46th GRE-chT Premier 2018"]
[Site "Rio Achaia"]
[Date "2018.07.10"]
[Round "1"]
[White "Gavriil, Odysseas-Panagiotis"]
[Black "Tsivelekidou, Evgenia"]
[Result "1/2-1/2"]
[ECO "A45"]
[WhiteElo "1910"]
[BlackElo "2007"]
[Annotator "NA"]
[PlyCount "106"]
[EventDate "2018.07.10"]
[EventType "team-tourn"]
[EventCountry "GRE"]
[SourceTitle "playchess.com"]
[Source "ChessBase"]
[SourceQuality "1"]
[TimeControl "40/5400+30:1800+30"]

1. d4 Nf6 2. Bg5 d5 3. Bxf6 exf6 4. e3 c6 5. g3 Bd6 6. Bg2 Qb6 7. Qc1 O-O 8. Ne2 f5 9. O-O Nd7 10. Nd2 Nf6 11. c4 Qd8 12. Qc2 Be6 13. a3 a5 14. c5 Bc7 15. b4 axb4 16. axb4 Qd7 17. Nc3 Ng4 18. Qb2 g5 19. b5 Rxa1 20. Rxa1 f4 21. e4 fxg3 22. hxg3 f5 23. exd5 cxd5 24. Qb3 Nf6 25. Re1 Ne4 26. Ndxe4 fxe4 27. Ne2 Qf7 28. Qe3 h6 29. Rf1 Bg4 30. Nc3 Bf3 31. Re1 Bg4 32. Rf1 Qf5 33. c6 bxc6 34. bxc6 Rf6 35. Nb5 Rxc6 36. Nxc7 Rxc7 37. f3 Bxf3 38. Bxf3 exf3 39. Rxf3 Qe4 40. Qxe4 dxe4 41. Re3 Re7 42. Kf2 h5 43. Re2 Kg7 44. Ke3 Kg6 45. Rf2 h4 46. gxh4 gxh4 47. d5 Kg5 48. d6 Rd7 49. Kxe4 Rxd6 50. Kf3 Rd3+ 51. Kg2 Kg4 52. Rc2 Rd4 53. Rb2 Rc4 1/2-1/2

[Event "46th GRE-chT Premier 2018"]
[Site "Rio Achaia"]
[Date "2018.07.10"]
[Round "1"]
[White "Serefidou, Despina"]
[Black "Paparizou, Eleni"]
[Result "1-0"]
[ECO "C45"]
[WhiteElo "1906"]
[BlackElo "1274"]
[Annotator "NA"]
[PlyCount "79"]
[EventDate "2018.07.10"]
[EventType "team-tourn"]
[EventCountry "GRE"]
[SourceTitle "playchess.com"]
[Source "ChessBase"]
[SourceQuality "1"]
[TimeControl "40/5400+30:1800+30"]

1. e4 e5 2. Nf3 Nc6 3. d4 exd4 4. Nxd4 Bc5 5. Nb3 Qf6 6. Nxc5 d6 7. Nb3 Be6 8. Nc3 Nge7 9. Be3 O-O 10. Qf3 Qxf3 11. gxf3 a6 12. O-O-O Rad8 13. Nd4 Bd7 14. Nxc6 Bxc6 15. Nd5 Nxd5 16. exd5 Bd7 17. Rg1 Bf5 18. Bd3 Bg6 19. Bxg6 fxg6 20. f4 Rf7 21. Rg5 Re8 22. h4 Rf5 23. Rxf5 gxf5 24. c4 Kf7 25. Kd2 h5 26. b4 Rb8 27. c5 Rd8 28. Kc3 g6 29. a4 Ke7 30. Kc4 Rc8 31. Bd4 Kd7 32. Re1 Rb8 33. Re6 Rg8 34. Bf6 Re8 35. Rxe8 Kxe8 36. cxd6 cxd6 37. b5 Kd7 38. bxa6 bxa6 39. Kb4 Kc7 40. Ka5 1-0

[Event "46th GRE-chT Premier 2018"]
[Site "Rio Achaia"]
[Date "2018.07.10"]
[Round "1"]
[White "Brokalakis - Gounaris, Christos"]
[Black "Bardis, Harilaos-Panagiotis"]
[Result "1/2-1/2"]
[ECO "E06"]
[WhiteElo "1901"]
[BlackElo "1866"]
[Annotator "NA"]
[PlyCount "93"]
[EventDate "2018.07.10"]
[EventType "team-tourn"]
[EventCountry "GRE"]
[SourceTitle "playchess.com"]
[Source "ChessBase"]
[SourceQuality "1"]
[TimeControl "40/5400+30:1800+30"]

1. d4 Nf6 2. c4 e6 3. Nf3 d5 4. g3 Be7 5. Bg2 O-O 6. O-O dxc4 7. Qa4 a6 8. Qxc4 b5 9. Qc2 Bb7 10. Bd2 Be4 11. Qc1 c6 12. Be3 Nd5 13. Nc3 Nxc3 14. Qxc3 Nd7 15. Rac1 Rc8 16. Rfd1 Qc7 17. Ng5 Bxg2 18. Kxg2 Qb7 19. Kg1 Bxg5 20. Bxg5 c5 21. Be7 cxd4 22. Qxd4 Rxc1 23. Rxc1 Re8 24. Bb4 h6 25. Rd1 Nf6 26. Bc3 Qe4 27. Qxe4 Nxe4 28. Bb4 Rc8 29. f3 Nf6 30. e4 Rc4 31. a3 Rc6 32. Rd6 Rxd6 33. Bxd6 Nd7 34. Kf2 Nb6 35. b3 f6 36. f4 Kf7 37. Ke3 Nc8 38. Bc5 Ke8 39. Kd4 g6 40. Kc3 Kd7 41. Kb4 Kc6 42. Bf8 h5 43. Ka5 Kb7 44. Bc5 Kc6 45. Bf8 Kb7 46. Bc5 Kc6 47. Bf8 {[%emt 0:00:18] Kd5} 1/2-1/2

[Event "46th GRE-chT Premier 2018"]
[Site "Rio Achaia"]
[Date "2018.07.10"]
[Round "1"]
[White "Kalofonos, Panayotis"]
[Black "Kadianis, Georgios"]
[Result "1-0"]
[ECO "C48"]
[WhiteElo "1896"]
[BlackElo "2002"]
[Annotator "NA"]
[PlyCount "94"]
[EventDate "2018.07.10"]
[EventType "team-tourn"]
[EventCountry "GRE"]
[SourceTitle "playchess.com"]
[Source "ChessBase"]
[SourceQuality "1"]
[TimeControl "40/5400+30:1800+30"]

1. e4 e5 2. Nf3 Nc6 3. Nc3 Nf6 4. Bb5 Bd6 5. a3 O-O 6. d3 Nd4 7. Bc4 c6 8. Be3 Ne6 9. d4 Ng4 10. Nxe5 Nxe3 11. fxe3 Bxe5 12. dxe5 Qh4+ 13. g3 Qg5 14. Qe2 Qxe5 15. Rf1 b5 16. Rf5 Qc7 17. Bxe6 dxe6 18. Rc5 a5 19. Qxb5 Qa7 20. Qxc6 Rb8 21. O-O-O Bb7 22. Qb5 Bxe4 23. Qxa5 Qb7 24. Rb5 Qa8 25. Nxe4 Rxb5 26. Nf6+ gxf6 27. Qxb5 Qg2 28. Qf1 Qxh2 29. Rd2 Qh6 30. Qf4 Qg6 31. e4 e5 32. Qf3 Kg7 33. c4 Rc8 34. b3 Qg5 35. Qf5 Qxf5 36. exf5 Kh6 37. a4 Kg5 38. a5 Kxf5 39. a6 e4 40. a7 e3 41. Ra2 Ra8 42. b4 Ke4 43. b5 Kd3 44. b6 e2 45. Ra3+ Kxc4 46. Kd2 Re8 47. Ke1 Kd5 1-0

[Event "46th GRE-chT Premier 2018"]
[Site "Rio Achaia"]
[Date "2018.07.10"]
[Round "1"]
[White "Giatrakos, Orestis"]
[Black "Gkikas, Vasilios"]
[Result "1/2-1/2"]
[ECO "B32"]
[WhiteElo "1860"]
[BlackElo "1892"]
[Annotator "NA"]
[PlyCount "65"]
[EventDate "2018.07.10"]
[EventType "team-tourn"]
[EventCountry "GRE"]
[SourceTitle "playchess.com"]
[Source "ChessBase"]
[SourceQuality "1"]
[TimeControl "40/5400+30:1800+30"]

1. e4 c5 2. Nf3 Nc6 3. d4 cxd4 4. Nxd4 e5 5. Nb5 d6 6. N1c3 a6 7. Na3 Be7 8. Nd5 Nf6 9. Nxf6+ Bxf6 10. c3 O-O 11. g3 Be6 12. Bg2 Bg5 13. O-O Bxc1 14. Qxc1 Rc8 15. Qd2 Qb6 16. Kh1 Rfd8 17. Nc2 Na5 18. Ne3 Nc4 19. Nxc4 Rxc4 20. b3 Rcc8 21. f4 f6 22. f5 Bf7 23. c4 Qc7 24. Rfc1 Be8 25. a4 Bf7 26. g4 Qe7 27. a5 Rb8 28. h4 b6 29. axb6 Rxb6 30. b4 Rdb8 31. c5 dxc5 32. bxc5 Rc6 33. Ra5 1/2-1/2

[Event "46th GRE-chT Premier 2018"]
[Site "Rio Achaia"]
[Date "2018.07.10"]
[Round "1"]
[White "Koutsogiannopoulou, Theodora"]
[Black "Paehtz, Elisabeth"]
[Result "0-1"]
[ECO "D00"]
[WhiteElo "1852"]
[BlackElo "2489"]
[Annotator "ChessBase"]
[PlyCount "54"]
[EventDate "2018.07.10"]
[EventType "team-tourn"]
[EventCountry "GRE"]
[SourceTitle "playchess.com"]
[Source "ChessBase"]
[SourceQuality "1"]
[TimeControl "40/5400+30:1800+30"]

1. d4 d5 2. Bg5 c6 3. c3 g6 4. Nd2 Bg7 5. g3 f6 6. Be3 e5 7. Bg2 Ne7 8. f3 Nf5 9. Bf2 exd4 10. cxd4 O-O 11. Qb3 Re8 12. O-O-O a5 13. g4 a4 14. Qd3 Nd6 15. h4 a3 16. b3 Na6 17. Nf1 Nb5 18. Kb1 f5 19. h5 Qf6 20. hxg6 Qxg6 21. Ka1 fxg4 22. Qd2 c5 23. e3 Nb4 24. e4 Nxd4 25. Bxd4 Bxd4+ 26. Kb1 Bg7 27. Ne3 Qf6 0-1